 Dungeon Crawl Stone Soup version 0.18-b1-22-ge198996 (webtiles) character file.

16324 barb4r1an the Cleaver (level 12, -9/168 HPs)
             Began as a Minotaur Berserker on May 4, 2016.
             Was a High Priest of Trog.
             Mangled by a minotaur
             ... wielding a +4 iron rod (2/13)
              (14 damage)
             ... in a labyrinth.
             The game lasted 00:23:16 (11110 turns).

barb4r1an the Cleaver (Minotaur Berserker)         Turns: 11110, Time: 00:23:17

Health: -9/168     AC: 17    Str: 32    XL:     12   Next: 9%
Magic:  11/11      EV: 20    Int:  9    God:    Trog [*****.]
Gold:   773        SH:  6    Dex: 18    Spells: 0 memorised, 11 levels left

rFire  . . .     SeeInvis .     E - +4 broad axe (elec)
rCold  . . .     Gourm    .     I - +8 ring mail of the Lost Lies {rPois Str+4 Int+5}
rNeg   . . .     Faith    .     a - +0 buckler
rPois  +         Spirit   .     (helmet restricted)
rElec  .         Dismiss  .     P - +0 cloak
rCorr  +         Reflect  .     (no gloves)
SustAt .         Harm     .     (no boots)
MR     ++...                    J - amulet of regeneration
Stlth  ..........               N - ring of resist corrosion (curse)
                                q - +4 ring of dexterity

@: berserking, regenerating, very quick, very resistant to hostile enchantments,
extremely unstealthy
A: retaliatory headbutt, horns 2
a: Berserk, Trog's Hand, Brothers in Arms, Burn Spellbooks, Renounce Religion


You were in a labyrinth.
You worshipped Trog.
Trog was extremely pleased with you.
You were not hungry.

You visited 1 branch of the dungeon, and saw 12 of its levels.
You also visited: Labyrinth.

You collected 773 gold pieces.

Inventory:

Hand Weapons
 E - a +4 broad axe of electrocution (weapon)
Armour
 a - a +0 buckler (worn)
 I - the +8 ring mail of the Lost Lies (worn) {rPois Str+4 Int+5}
   (You found it on level 7 of the Dungeon)

   It affects your strength (+4).
   It affects your intelligence (+5).
   It protects you from poison.
 P - a +0 cloak (worn)
Jewellery
 q - a +4 ring of dexterity (left hand)
 r - an uncursed ring of see invisible
 w - an uncursed ring of protection from fire
 H - a cursed -6 ring of strength {unknown}
 J - an amulet of regeneration (around neck)
 K - an uncursed ring of ice
 N - a cursed ring of resist corrosion (right hand)
Wands
 t - a wand of disintegration (16/24)
 B - a wand of digging (15/24)
Scrolls
 d - 4 scrolls of remove curse
 e - 2 scrolls of vulnerability {unknown}
 g - 2 scrolls of fear {unknown}
 i - a scroll of blinking {unknown}
 j - 4 scrolls of amnesia {unknown}
 o - 3 scrolls of enchant armour {unknown}
 s - a scroll of immolation {unknown}
 u - a scroll of torment {unknown}
 x - 2 scrolls of enchant weapon {unknown}
 y - 2 scrolls of fog {unknown}
 z - 4 scrolls of noise {unknown}
 A - a scroll of magic mapping {unknown}
 L - 3 scrolls of teleportation {unknown}
 M - 2 scrolls of identify
Potions
 b - 2 potions of haste
 h - 2 potions of lignification
 k - 4 potions of magic
 m - 2 potions of curing
 n - 2 potions of might
 p - a potion of cancellation
 D - a potion of ambrosia
 F - 4 potions of degeneration
Books
 G - a book of Debilitation

   Spells                             Type                      Level
   a - Corona                         Hexes                        1
   b - Slow                           Hexes                        2
   c - Gell's Gravitas                Hexes/Translocation          3
   d - Inner Flame                    Hexes/Fire                   3
   e - Cause Fear                     Hexes                        4
   f - Leda's Liquefaction            Hexes/Earth                  4
   Trog disapproves of the use of such an item.
Comestibles
 c - 4 bread rations
 f - 3 meat rations
 l - 3 beef jerkies
 v - 20 fruits
 C - 2 slices of pizza


   Skills:
 + Level 11.9 Fighting
 + Level 12.1 Axes
 + Level 11.5 Armour
 + Level 11.0 Dodging
 + Level 4.7 Shields


You had 11 spell levels left.
You didn't know any spells.

Dungeon Overview and Level Annotations

Branches:
Dungeon (12/15)            Temple (0/1) D:7            Lair (0/8) D:9
    Orc (0/2) D:10

Altars:
Fedhas
Kikubaaqudgha
Makhleb
Nemelex Xobeh
Qazlal
Sif Muna
Trog
Vehumet
Yredelemnul
Zin

Shops:
D:6 [

Annotations:
D:9 exclusion: statue


Innate Abilities, Weirdness & Mutations

You reflexively headbutt those who attack you in melee.
You have a pair of horns on your head.


Message History

The minotaur completely misses you. The minotaur hits you with an iron rod.
* * * LOW HITPOINT WARNING * * *
The minotaur gores you but does no damage.
The minotaur hits you with an iron rod!
* * * LOW HITPOINT WARNING * * *
The minotaur completely misses you.
A red film seems to cover your vision as you go berserk!
You feel yourself moving faster!
You feel mighty!
You feel somewhat more hungry. The minotaur barely misses you.
The minotaur gores you but does no damage.
The minotaur completely misses you. You furiously retaliate!
You headbutt the minotaur, but do no damage.
The minotaur gores you.
* * * LOW HITPOINT WARNING * * *
You slash the minotaur! You headbutt the minotaur!
The minotaur is heavily wounded.
The minotaur hits you with an iron rod!!
* * * LOW HITPOINT WARNING * * *
The minotaur gores you!
You die...

# #. # # . # .
. .# ..# .
####. # . # # .
## ## # # #
.... . .#
######.# #
#.H.#.#
#.###@#.#.#####
#.............#
#.######.######
#<... ..# #####
.## ...# ..
...# .###


You could see a minotaur.

Vanquished Creatures
  Snorg (D:10)
  2 hydras (D:11)
  The ghost of tstbtto the Cleaver, a novice DrBe of Trog (D:8)
  An unseen horror (D:8)
  A hill giant (D:10)
  The ghost of execc the Frost Mage, a novice OpIE of Vehumet (D:7)
  Pikel (D:5)
  A kobold demonologist (D:11)
  A polar bear (D:10)
  The ghost of Shenda the Ruffian, an amateur DrTm (D:4)
  A troll (D:9)
  2 two-headed ogres
  A spriggan (D:9)
  14 yaks (D:11)
  3 wyverns
  A human (D:10)
  A vampire (D:10)
  4 hippogriffs
  4 hungry ghosts
  A steam dragon (D:11)
  A soldier ant (D:11)
  An ice beast (D:7)
  7 orc warriors
  3 phantoms
  3 black bears
  A sky beast (D:10)
  8 ogres
  An eye of draining (D:11)
  3 wolves
  6 centaurs
  2 big kobolds
  9 giant frogs
  A scorpion (D:11)
  9 killer bees
  4 electric eels
  4 howler monkeys
  7 crimson imps
  4 giant frog zombies
  7 hounds
  A centaur skeleton (D:4)
  10 orc priests
  4 jellies
  4 giant frog skeletons
  4 iguanas
  5 orc wizards
  9 worker ants
  A giant frog simulacrum (D:10)
  A centaur simulacrum (D:10)
  A wasp simulacrum (D:10)
  2 hound zombies
  4 hound skeletons
  A worker ant zombie (D:9)
  3 gnolls (D:6)
  A howler monkey skeleton (D:9)
  7 adders
  A shadow imp (D:6)
  A white imp (D:10)
  An ufetubus (D:10)
  An adder skeleton (D:10)
  2 adder zombies
  3 worms
  2 dart slugs
  10 giant geckos
  48 orcs
  6 giant cockroaches
  7 goblins
  12 hobgoblins
  14 jackals
  4 quokkas
  3 ball pythons
  6 bats
  5 giant newts
  A jackal zombie (D:3)
  11 kobolds
  11 rats
331 creatures vanquished.

Vanquished Creatures (others)
  A jelly (D:5)
  A worker ant (D:5)
  A white imp (D:10)
  A giant gecko (D:5)
  A jackal skeleton (D:5)
5 creatures vanquished.

Grand Total: 336 creatures vanquished

Notes
Turn   | Place    | Note
--------------------------------------------------------------
     0 | D:1      | barb4r1an the Minotaur Berserker began the quest for the Orb.
     0 | D:1      | Reached XP level 1. HP: 19/19 MP: 0/0
   230 | D:1      | Reached XP level 2. HP: 23/27 MP: 1/1
   402 | D:1      | Reached ** piety under Trog
   453 | D:1      | Reached XP level 3. HP: 30/33 MP: 2/2
   600 | D:1      | Found a blossoming altar of Fedhas.
   615 | D:1      | Reached skill level 4 in Axes
  1373 | D:2      | Found a burning altar of Makhleb.
  1373 | D:2      | Noticed an Executioner
  1377 | D:2      | Noticed a ynoxinul
  1377 | D:2      | Noticed a neqoxec
  1521 | D:2      | Reached XP level 4. HP: 41/41 MP: 3/3
  1705 | D:3      | Found a sparkling altar of Nemelex Xobeh.
  1722 | D:3      | Found a glowing silver altar of Zin.
  1724 | D:3      | Found a stormy altar of Qazlal.
  1729 | D:3      | Found a burning altar of Makhleb.
  1729 | D:3      | Found an ancient bone altar of Kikubaaqudgha.
  1729 | D:3      | Found a deep blue altar of Sif Muna.
  1782 | D:3      | Reached *** piety under Trog
  1805 | D:3      | Received a gift from Trog
  2220 | D:3      | Found a bloodstained altar of Trog.
  2292 | D:4      | Noticed a phantom
  2304 | D:4      | Killed a phantom
  2304 | D:4      | Reached XP level 5. HP: 23/47 MP: 4/4
  2356 | D:4      | Reached skill level 5 in Axes
  2686 | D:4      | Reached skill level 5 in Fighting
  2686 | D:4      | Reached XP level 6. HP: 43/56 MP: 5/5
  2700 | D:4      | Noticed Shenda's ghost (amateur DrTm)
  2705 | D:4      | Killed Shenda's ghost
  2705 | D:4      | Reached skill level 5 in Armour
  2828 | D:4      | Reached XP level 7. HP: 61/61 MP: 6/6
  3158 | D:5      | Entered Level 5 of the Dungeon
  3164 | D:5      | Reached skill level 5 in Dodging
  3217 | D:5      | Found a blossoming altar of Fedhas.
  3258 | D:5      | Noticed Pikel
  3294 | D:5      | Killed Pikel
  3294 | D:5      | Reached skill level 6 in Axes
  3294 | D:5      | Reached XP level 8. HP: 47/71 MP: 7/7
  4370 | D:6      | Reached skill level 7 in Axes
  4390 | D:6      | Reached **** piety under Trog
  4783 | D:6      | Reached XP level 9. HP: 69/81 MP: 8/8
  5789 | D:6      | Reached skill level 8 in Axes
  5851 | D:6      | Found Benargh's Armour Emporium.
  6363 | D:7      | Found a staircase to the Ecumenical Temple.
  6640 | D:7      | Noticed execc's ghost (novice OpIE)
  6653 | D:7      | Reached skill level 9 in Axes
  6664 | D:7      | Killed execc's ghost
  6974 | D:7      | Got a crude ring mail
  6985 | D:7      | Identified the +8 ring mail of the Lost Lies {rPois Str+4 Int+5} (You found it on level 7 of the Dungeon)
  7088 | D:8      | Reached XP level 10. HP: 91/91 MP: 9/9
  7386 | D:8      | Noticed an unseen horror
  7389 | D:8      | Killed an unseen horror
  7615 | D:8      | Noticed tstbtto's ghost (novice DrBe)
  7616 | D:8      | Reached skill level 10 in Axes
  7625 | D:8      | Reached skill level 10 in Fighting
  7637 | D:8      | Killed tstbtto's ghost
  7886 | D:9      | Reached skill level 10 in Armour
  7889 | D:9      | Reached ***** piety under Trog
  8094 | D:9      | Found a staircase to the Lair.
  8244 | D:9      | Received a gift from Trog
  8318 | D:9      | Found a radiant altar of Vehumet.
  8586 | D:10     | Entered Level 10 of the Dungeon
  8601 | D:10     | Reached XP level 11. HP: 101/101 MP: 10/10
  8730 | D:10     | Noticed Snorg
  8747 | D:10     | Killed Snorg
  8747 | D:10     | Reached skill level 10 in Dodging
  9016 | D:10     | Found a staircase to the Orcish Mines.
  9026 | D:10     | Noticed a hill giant
  9033 | D:10     | Killed a hill giant
  9033 | D:10     | Reached skill level 11 in Axes
  9033 | D:10     | Reached skill level 1 in Shields
  9734 | D:10     | Found a runed door.
  9735 | D:10     | Found a basalt altar of Yredelemnul.
  9929 | D:11     | Noticed a five-headed hydra
  9965 | D:11     | Killed a seven-headed hydra
 10176 | D:11     | Received a gift from Trog
 10468 | D:11     | Noticed a seven-headed hydra
 10509 | D:11     | Killed a ten-headed hydra
 10509 | D:11     | Reached skill level 12 in Axes
 10694 | D:11     | Reached XP level 12. HP: 111/111 MP: 11/11
 10737 | D:12     | Found a labyrinth entrance.
 10777 | Lab      | Entered a labyrinth
 11089 | Lab      | Noticed a minotaur
 11110 | Lab      | HP: 5/168 [minotaur/iron rod (26)]
 11110 | Lab      | Mangled by a minotaur

Skill      XL: |  1  2  3  4  5  6  7  8  9 10 11 |
---------------+----------------------------------+-----
Fighting       | 4 5 6 7 9 10 11 | 11.9
Axes           | 4 5 6 7 9 10 12 | 12.1
Armour         | 3 4 5 6 7 9 10 11 | 11.5
Dodging        | 3 4 5 7 8 9 11 | 11.0
Shields        | 4 |  4.7

Action                   |  1- 3 |  4- 6 |  7- 9 | 10-12 || total
-------------------------+-------+-------+-------+-------++-------
Melee: Hand axe          |    89 |    33 |       |       ||   122
       Headbutt          |    15 |    15 |    54 |    79 ||   163
       Battleaxe         |       |    60 |   215 |   132 ||   407
       Broad axe         |       |       |       |   176 ||   176
Invok: Trog's Hand       |       |     1 |     2 |     4 ||     7
       Berserk           |       |     1 |     2 |     5 ||     8
  Use: Scroll            |       |       |       |     9 ||     9
  Eat: Chunk             |     1 |     1 |    10 |    13 ||    25
       Bread ration      |       |     1 |     2 |     2 ||     5
Armor: Leather armour    |    23 |    16 |     5 |       ||    44
       Chain mail        |       |       |   117 |       ||   117
       Ring mail         |       |       |     4 |   120 ||   124
Dodge: Dodged            |    71 |    80 |   204 |   305 ||   660
Block: Buckler           |       |       |       |    38 ||    38
